 Dungeon Crawl Stone Soup version 0.29.1-15-g9cfb28693d (webtiles) character file.

Game seed: 3603009244711820292

86 Ast3rio the Poker (level 4, -2/41 HPs)
             Began as a Minotaur Berserker on Mar 14, 2023.
             Was a Believer of Trog.
             Shot with a sling bullet by a goblin (3 damage)
             ... led by Robin
             ... on level 2 of the Dungeon.
             The game lasted 00:01:21 (1067 turns).

Ast3rio the Poker (Minotaur Berserker)              Turns: 1067, Time: 00:01:22

Health: -2/41      AC:  2    Str: 23    XL:     4   Next: 26%
Magic:  3/3        EV: 12    Int:  4    God:    Trog [**....]
Gold:   106        SH:  0    Dex: 10    Spells: 3/3 levels left

rFire   . . .      SeeInvis .   a - +0 spear
rCold   . . .      Faith    .   (no shield)
rNeg    . . .      Spirit   .   b - +0 animal skin
rPois   .          Reflect  .   (helmet restricted)
rElec   .          Harm     .   (no cloak)
rCorr   .          Rampage  .   (no gloves)
Will    .....                   (no boots)
Stlth   +.........              (no amulet)
HPRegen 0.13/turn               (no ring)
MPRegen 0.08/turn               (no ring)

@: on berserk cooldown, slowed, very slow
A: horns 2, retaliatory headbutt
a: Renounce Religion, Berserk, Trog's Hand


You were on level 2 of the Dungeon.
You worshipped Trog.
Trog was pleased with you.
You visited 1 branch of the dungeon, and saw 2 of its levels.

You collected 106 gold pieces.

Inventory:

Hand Weapons
 a - a +0 spear (weapon)
Armour
 b - a +0 animal skin (worn)
Scrolls
 d - a scroll of magic mapping {unknown}
 e - 4 scrolls of identify {unknown}
 g - a scroll of teleportation {unknown}
 h - a scroll of immolation {unknown}
Potions
 c - 2 potions of might {unknown}
 f - a potion of heal wounds {unknown}


   Skills:
 * Level 4.4 Fighting
 * Level 4.6 Polearms
 + Level 3.2 Armour
 + Level 3.0 Dodging


You had 3 spell levels left.
You didn't know any spells.
Your spell library was empty.

Dungeon Overview and Level Annotations

Branches:
Dungeon (2/15)

Altars:


Innate Abilities, Weirdness & Mutations

You have a pair of horns on your head.
You reflexively headbutt those who attack you in melee.


Message History

a +0 dagger; a goblin corpse You hit the hobgoblin.
You kill the hobgoblin!
Trog accepts your kill.
You puncture the goblin!
You kill the goblin!
Trog accepts your kill. The goblin hits you with a +0 dagger.
The goblin barely misses you. You furiously retaliate!
You headbutt the goblin.
You kill the goblin!
Trog accepts your kill. The hobgoblin closely misses you.
The hobgoblin hits you.
The goblin unwields a +0 dagger.
The goblin wields a +0 sling.
The goblin shoots a sling bullet.
The sling bullet closely misses you.
The sling bullet barely misses the hobgoblin.
There is an open door, spattered with blood here.
Items here: )) ††.
You puncture the hobgoblin!
You kill the hobgoblin!
Trog accepts your kill. The goblin hits you with a +0 dagger.
The hobgoblin hits you!
* * * LOW HITPOINT WARNING * * *
You are no longer berserk.
You are exhausted.
You feel yourself slow down.
The goblin shoots a sling bullet.
The sling bullet hits you.
* * * LOW HITPOINT WARNING * * *
Items here: ) [[ ††.
You hit the hobgoblin.
You kill the hobgoblin!
Trog accepts your kill. The goblin hits you with a +0 dagger.
* * * LOW HITPOINT WARNING * * *
The goblin shoots a sling bullet.
The sling bullet barely misses you.
The goblin shoots a sling bullet.
The sling bullet misses you. The goblin closely misses you.
Items here: )) ††.
You barely miss the goblin.
The goblin shoots a sling bullet.
The sling bullet hits you.
You die...

# ###.### # #.....# #
#.#.#.### #+## ###
#.#.....### #...## ..#
#.........# #.....# #.#
#.......#.###.......
#.###.###...#.##@.......
.............g))g.......
#.###.###...#.##).......
..# #.###..##.###.......
### #.........# #.....#
#####.##### #...## #.#
#+## #.# #.#


You could see 2 goblins.

Vanquished Creatures
  Jessica (D:2)
  Robin (D:2)
  An adder (D:2)
  A worm (D:2)
  2 endoplasms (D:1)
  2 giant cockroaches (D:1)
  10 goblins (D:2)
  7 hobgoblins
  A quokka (D:2)
  A ball python (D:2)
  A bat (D:1)
  2 frilled lizards (D:2)
  3 kobolds
  A rat (D:1)
34 creatures vanquished.

Notes
Turn   | Place    | Note
-------+----------+-------------------------------------------
     0 | D:1      | Ast3rio the Minotaur Berserker began the quest for the Orb.
     0 | D:1      | Reached XP level 1. HP: 19/19 MP: 0/0
   277 | D:1      | Reached XP level 2. HP: 27/27 MP: 1/1
   888 | D:2      | Reached XP level 3. HP: 32/33 MP: 2/2
   910 | D:2      | Noticed Jessica
   918 | D:2      | Killed Jessica
  1047 | D:2      | Noticed Robin
  1051 | D:2      | Reached ** piety under Trog
  1056 | D:2      | Killed Robin
  1057 | D:2      | Reached XP level 4. HP: 36/41 MP: 3/3
  1065 | D:2      | HP: 1/41 [goblin/+0 dagger[Robin] (2)]
  1067 | D:2      | Shot with a sling bullet by a goblin

Illustrated notes

Levels and vault maps discovered:
D:1:      sevenhm_arrival_forest_fort_small_6, layout_rooms, amethyst_killhole,
          supply_closet_lemuel, minmay_distorted
D:2:      layout_loops_corners, serial_shops, nicolae_shop_waterfront,
          uniq_crazy_yiuf_cottage, uniq_jessica, uniq_robin

Skill      XL: |  1  2  3 |
---------------+----------+-----
Polearms       | 4 |  4.6
Fighting       | 4 |  4.4
Armour         | 3 |  3.2
Dodging        | 3 |  3.0

Action                   |  1- 3 |  4- 6 || total
-------------------------+-------+-------++-------
Melee: Spear             |    91 |     7 ||    98
       Headbutt          |    10 |       ||    10
Invok: Berserk           |     1 |       ||     1
 Stab: Sleeping          |     4 |       ||     4
Armor: Animal skin       |    10 |     1 ||    11
Dodge: Dodged            |    38 |     7 ||    45
